 Dungeon Crawl Stone Soup version 0.29-a0-317-gd16b76e6b1 (webtiles) character file.

Game seed: 10522855263529346132

70 Dabor the Ruffian (level 4, -3/39 HPs)
             Began as a Naga Transmuter on Mar 31, 2022.
             Was an Initiate of Ru.
             Slain by Natasha (5 damage)
             ... on level 3 of the Dungeon.
             The game lasted 00:04:35 (3143 turns).

Dabor the Ruffian (Naga Transmuter)                 Turns: 3143, Time: 00:04:35

Health: -3/39      AC:  2    Str: 14    XL:     4   Next: 22%
Magic:  7/7        EV: 10    Int: 13    God:    Ru [......]
Gold:   123        SH:  0    Dex: 12    Spells: 1/7 levels left

rFire   . . .      SeeInvis +     - Unarmed
rCold   . . .      Faith    .   (no shield)
rNeg    . . .      Spirit   .   a - +0 robe
rPois   +          Reflect  .   (no helmet)
rElec   .          Harm     .   (no cloak)
rCorr   +          Rampage  .   (no gloves)
Will    .....                   (no barding)
Stlth   ++........              (no amulet)
HPRegen 0.13/turn               d - ring of resist corrosion
MPRegen 0.10/turn               (no ring)

@: mighty, very slow
A: AC +1, large, see invisible, deformed body, poison resistance, slowness 2,
spit poison 1, naga tail 1
a: Spit Poison, Renounce Religion, Sacrifice Health, Sacrifice Purity, Sacrifice
Resistance, Reject Sacrifices


You were on level 3 of the Dungeon.
You worshipped Ru.
Ru was noncommittal.
You visited 1 branch of the dungeon, and saw 3 of its levels.

You collected 123 gold pieces.

Inventory:

Missiles
 m - 2 curare-tipped darts
Armour
 a - a +0 robe (worn)
Jewellery
 d - a ring of resist corrosion (left hand)
 e - a ring of fire
 j - an amulet of reflection
Wands
 o - a wand of acid (14)
Scrolls
 b - a scroll of teleportation {unknown}
 c - 2 scrolls of enchant weapon {unknown}
 f - a scroll of vulnerability {unknown}
 g - a scroll of identify {unknown}
 h - a scroll of blinking {unknown}
 i - a scroll of brand weapon {unknown}
 l - a scroll of torment {unknown}
 n - a scroll of magic mapping {unknown}
 p - a scroll of fear {unknown}
Potions
 k - a potion of flight
 q - a potion of might


   Skills:
 + Level 1.7 Fighting
 + Level 2.0 Dodging
 - Level 2.2 Stealth
 + Level 3.3 Unarmed Combat
 + Level 2.4 Spellcasting
 + Level 2.5 Transmutations
 * Level 0.1 Poison Magic


You had one spell level left.
You knew the following spells:

 Your Spells              Type           Power      Damage    Failure   Level
a - Beastly Appendage     Tmut           16%        N/A       9%          1
b - Wereblood             Tmut           8%         N/A       13%         2
c - Spider Form           Tmut/Pois      5%         N/A       38%         3

Your spell library contained the following spells:

 Spells                   Type           Power      Damage    Failure   Level
 Ice Form                 Ice/Tmut       4%         N/A       82%         4


Dungeon Overview and Level Annotations

Branches:
Dungeon (3/15)

Altars:
Ru

Annotations:
D:3 Natasha


Innate Abilities, Weirdness & Mutations

Your serpentine skin is tough. (AC +1)
You have supernaturally acute eyesight. (SInv)
Armour fits poorly on your strangely shaped body.
Your system is resistant to poisons. (rPois)
You cover ground very slowly.
You can spit poison.
You have a snake-like lower body.


Message History

Sigmund is heavily wounded.
Sigmund says, "You will soon forget everything."
Sigmund barely misses you.
You hit Sigmund.
Sigmund is heavily wounded.
You closely miss Sigmund.
Sigmund is heavily wounded.
Sigmund misses you.
You hit Sigmund.
Sigmund is severely wounded.
Natasha, Servant of Life and Death comes into view.
Sigmund closely misses you.
Natasha hisses angrily.
You hit Sigmund. Your punch misses Sigmund.
Sigmund is severely wounded.
You closely miss Sigmund. Your headbutt misses Sigmund.
Sigmund is severely wounded.
Sigmund closely misses you. Natasha claws you!
You barely miss Sigmund. You punch Sigmund.
Sigmund is severely wounded.
Your horns disappear.
Sigmund hits you but does no damage. Natasha completely misses you.
You hit Sigmund.
Sigmund is almost dead.
Natasha casts a spell at you. The magic dart hits you.
* * * LOW HITPOINT WARNING * * *
You barely miss Sigmund.
Sigmund is almost dead.
Sigmund hits you but does no damage. Natasha claws you.
* * * LOW HITPOINT WARNING * * *
It was a potion of might.
You feel very mighty all of a sudden. Sigmund closely misses you.
Natasha barely misses you.
You barely miss Sigmund.
Sigmund is almost dead.
You punch Sigmund!
You kill Sigmund!
Natasha claws you.
You die...

# ...... #.#.... #
.#.... ..#. .. .....
..... ...##...# .....
.........##...
.........).#.#
..........@h..#
....>.?......<.######
.............).......
........[......####..
................[...#
..........>..)#######
..............#
...........[#.# .#
........#.#...## .#


You could see Natasha.

Vanquished Creatures
  Sigmund (D:3)
  An adder (D:2)
  A worm (D:2)
  6 orcs (D:3)
  4 bats
  7 endoplasms
  4 giant cockroaches
  2 goblins (D:1)
  A hobgoblin (D:2)
  3 quokkas (D:1)
  4 ball pythons
  3 frilled lizards (D:1)
  7 kobolds
  6 rats
50 creatures vanquished.

Notes
Turn   | Place    | Note
-------+----------+-------------------------------------------
     0 | D:1      | Dabor the Naga Transmuter began the quest for the Orb.
     0 | D:1      | Reached XP level 1. HP: 18/18 MP: 3/3
   401 | D:1      | Reached XP level 2. HP: 7/25 MP: 3/5
   910 | D:1      | Reached skill level 1 in Stealth
  1094 | D:1      | Found a faded altar of an unknown god.
  1133 | D:1      | Prayed at the altar of an unknown god.
  1133 | D:1      | Became a worshipper of Ru the Awakened
  1331 | D:1      | Reached XP level 3. HP: 31/31 MP: 6/6
  1741 | D:2      | HP: 2/46 [poisoned by an adder]
  2918 | D:3      | Reached XP level 4. HP: 39/39 MP: 4/7
  2933 | D:3      | Learned a level 2 spell: Wereblood
  3092 | D:3      | Learned a level 3 spell: Spider Form
  3121 | D:3      | Noticed Sigmund
  3135 | D:3      | Noticed Natasha
  3143 | D:3      | Killed Sigmund
  3143 | D:3      | Slain by Natasha

Illustrated notes

Levels and vault maps discovered:
D:1:      dpeg_arrival_boxes_within_box, layout_basic,
          hellmonk_ecumenical_altar_lost_god
D:2:      minmay_angry_zag, layout_basic
D:3:      layout_rooms, uniq_natasha, uniq_sigmund, uniq_jessica

Skill      XL: |  1  2  3  4 |
---------------+-------------+-----
Stealth        | 1 2 |  2.2
Dodging        | 2 |  2.0
Fighting       | |  1.7
Unarmed Combat | |  3.3
Spellcasting   | |  2.4
Transmutations | |  2.5
Poison Magic   | |  0.1

Action                   |  1- 3 |  4- 6 || total
-------------------------+-------+-------++-------
Melee: Unarmed           |   105 |    32 ||   137
       Headbutt          |     9 |     3 ||    12
       Punch             |     1 |     1 ||     2
 Cast: Beastly Appendage |    21 |     2 ||    23
 Abil: Spit Poison       |    17 |     1 ||    18
  Use: Potion            |     2 |     1 ||     3
 Stab: Sleeping          |     3 |       ||     3
Armor: Robe              |    20 |     3 ||    23
       Skin              |     5 |       ||     5
Dodge: Dodged            |    51 |    12 ||    63

Table legend: (Time is in decaauts)
 A = Elapsed time spent in this place.
 B = Non-inter-level travel time spent in this place.
 C = Inter-level travel time spent in this place.
 D = Time resting spent in this place.
 E = Time spent auto-exploring this place.
 F = Levels seen in this place.
 G = Mean time per level.
                   A        B        C        D        E       F      G
               +--------+--------+--------+--------+--------+-----+--------+
         Total |   3586 |   3551 |     35 |    921 |   2114 |   3 | 1195.3 |
       Dungeon |   3586 |   3551 |     35 |    921 |   2114 |   3 | 1195.3 |
               +--------+--------+--------+--------+--------+-----+--------+

Top non-repeatable levels by time:
     D:1: 1895 daAuts
     D:2: 1447 daAuts
     D:3: 244 daAuts
